 Dungeon Crawl Stone Soup version 0.20-a0-700-gbd4582c (webtiles) character file.

4477 Laan the Cleaver (level 10, -9/115 HPs)
             Began as a Purple Draconian Berserker on Feb 20, 2017.
             Was a High Priest of Trog.
             Mangled by a troll (14 damage)
             ... on level 9 of the Dungeon.
             The game lasted 00:12:04 (7700 turns).

Laan the Cleaver (Purple Draconian Berserker)       Turns: 7700, Time: 00:12:05

Health: -9/115     AC: 12    Str: 27    XL:     10   Next: 15%
Magic:  10/10      EV:  9    Int:  8    God:    Trog [*****.]
Gold:   483        SH: 10    Dex: 11    Spells: 9/9 levels left

rFire    . . .     SeeInvis +   q - +0 war axe
rCold    . . .     Gourm    .   (armour unavailable)
rNeg     . . .     Faith    .   F - +2 shield {reflect}
rPois    +         Spirit   .   (helmet restricted)
rElec    +         Reflect  +   G - +1 cloak
rCorr    .         Harm     .   y - +1 pair of gloves of the Shoals {+Fly rElec}
MR       +....                  H - +0 pair of boots {Stlth+}
Stlth    ..........             (no amulet)
Regen    0.3/turn               n - ring of poison resistance
MPRegen  0.2/turn               d - ring of see invisible

@: berserking (expiring), lethally poisoned (-9 -> -10), very quick
A: breathe power, unfitting armour, cold-blooded, AC +7
a: Breathe Dispelling Energy, Berserk, Trog's Hand, Brothers in Arms, Burn
Spellbooks, Renounce Religion, Evoke Flight


You were on level 9 of the Dungeon.
You worshipped Trog.
Trog was extremely pleased with you.
You were very hungry.

You visited 1 branch of the dungeon, and saw 9 of its levels.
You also visited: Sewer and Ossuary.

You collected 685 gold pieces.
You spent 202 gold pieces at shops.

Inventory:

Hand Weapons
 q - a +0 war axe (weapon)
Armour
 y - the +1 pair of gloves of the Shoals (worn) {+Fly rElec}
   (You found it on level 4 of the Dungeon)

   It insulates you from electricity.
   It lets you fly.
 F - a +2 shield of reflection (worn)
 G - a +1 cloak (worn)
 H - a +0 pair of boots of stealth (worn)
Jewellery
 d - a ring of see invisible (left hand)
 n - a ring of poison resistance (right hand)
 z - an uncursed ring of fire
 A - an uncursed ring of flight
Wands
 E - a wand of paralysis (6/24)
 N - a wand of lightning (9/15)
 O - a wand of clouds (6/9)
 R - a wand of disintegration (9/24)
 T - a wand of polymorph (9/24)
 V - a wand of iceblast (12/15)
 W - a wand of flame (29/48)
Scrolls
 a - 4 scrolls of identify
 g - 3 scrolls of remove curse
 l - 2 scrolls of teleportation
 m - 4 scrolls of enchant armour {unknown}
 o - 2 scrolls of fog {unknown}
 r - a scroll of random uselessness {unknown}
 t - 4 scrolls of noise {unknown}
 w - a scroll of blinking {unknown}
 I - 3 scrolls of fear {unknown}
 J - 3 scrolls of recharging {unknown}
 K - a scroll of silence {unknown}
 S - a scroll of immolation {unknown}
Potions
 c - a potion of berserk rage {unknown}
 e - 2 potions of magic {unknown}
 f - 4 potions of agility {unknown}
 i - 3 potions of flight {unknown}
 j - 4 potions of curing {unknown}
 p - 3 potions of might {unknown}
 s - a potion of invisibility {unknown}
 u - 2 potions of ambrosia {unknown}
 v - 2 potions of lignification {unknown}
 x - 3 potions of haste {unknown}
 C - 3 potions of heal wounds {unknown}
 L - 3 potions of resistance {unknown}
 M - 2 potions of mutation {unknown}
 X - 2 potions of degeneration {unknown}
Books
 B - the Grimoire of the Aerial Traveller
   (You found it in a sewer)

   Spells                             Type                      Level
   a - Summon Lightning Spire         Summoning/Air                4
   b - Passage of Golubria            Translocation                4
   c - Disjunction                    Translocation                8
   Trog disapproves of the use of such an item.
 P - a book of Misfortune

   Spells                             Type                      Level
   a - Confusing Touch                Hexes                        1
   b - Confuse                        Hexes                        3
   c - Gell's Gravitas                Hexes/Translocation          3
   d - Petrify                        Transmutation/Earth          4
   e - Metabolic Englaciation         Hexes/Ice                    5
   f - Yara's Violent Unravelling     Hexes/Transmutation          5
   Trog disapproves of the use of such an item.
 Q - a book of Battle

   Spells                             Type                      Level
   a - Infusion                       Charms                       1
   b - Shroud of Golubria             Charms/Translocation         2
   c - Song of Slaying                Charms                       2
   d - Spectral Weapon                Hexes/Charms                 3
   e - Regeneration                   Charms/Necromancy            3
   Trog disapproves of the use of such an item.
Comestibles
 b - 5 bread rations
 h - 6 royal jellies
 k - 2 meat rations
 D - 25 fruits
 U - 13 chunks of flesh


   Skills:
 - Level 3.2 Fighting
 + Level 14.4 Axes
 - Level 2.6 Dodging


You had 9 spell levels left.
You didn't know any spells.

Dungeon Overview and Level Annotations

Branches:
Dungeon (9/15)             Temple (0/1) D:6            Lair (0/6) D:9
    Orc: D:9-12

Altars:
Ashenzari
Cheibriados
Dithmenos
Elyvilon
Fedhas Ieoh Jian
Okawaru
Qazlal
Sif Muna
Trog
Uskayaw
Vehumet
Xom
Zin

Shops:
D:6 [


Innate Abilities, Weirdness & Mutations

You can breathe bolts of dispelling energy.
Your rich purple scales are hard. (AC +7)
You cannot fit into any form of body armour.
You are cold-blooded and may be slowed by cold attacks.


Message History

You kill the killer bee!
Trog accepts your kill.
You hit the troll. You slash the electric eel! You slash the killer bee!
You feel sick. You block the troll's attack. The troll claws you!
* * * LOW HITPOINT WARNING * * *
The troll barely misses you. You block the killer bee's attack.
Your unstable footing causes you to fumble your attack.
The killer bee stings you!
* * * LOW HITPOINT WARNING * * *
You slash the electric eel!
The electric eel is almost dead.
You slash the killer bee!
You kill the killer bee!
Trog accepts your kill.
You miss the electric eel. You hit the troll.
The electric eel shoots out a bolt of lightning at you!
The bolt of electricity hits you! You resist.
* * * LOW HITPOINT WARNING * * *
You block the troll's attack. The troll claws you!
You die...

...#### ...'..#
.).#..##################
..#####...........≈≈≈≈≈≈
''#.#.##.####......≈≈≈≈≈
.......#.# #..≈≈..≈≈≈≈≈
.......#.# #..≈≈≈≈≈≈≈≈≈
....P..#.# ##...≈;≈≈≈≈≈≈
.......#.# #....@≈≈≈.≈.≈
##.###...# #...T†;≈≈≈...
##.#####.###....≈O≈≈..>.
..............≈≈≈.≈≈≈...
...#########.....≈≈≈..≈.
...# #...≈≈≈≈≈≈≈.≈ ...#
#.....≈≈≈≈≈≈≈ ...#
#....[≈..≈≈≈≈ ...#
#...≈≈...


You could see a troll, an ogre and 2 electric eels.

Vanquished Creatures
  A two-headed ogre (D:8)
  Pikel (D:7)
  A hippogriff (D:8)
  Sigmund (D:4)
  2 sky beasts
  2 slaves (D:7)
  An ice beast (D:8)
  A phantom (D:8)
  A wolf (D:9)
  3 ogres
  3 centaurs
  A crocodile (D:8)
  A big kobold (D:9)
  5 bullfrogs
  An elf zombie (Ossuary)
  A gnoll sergeant (D:9)
  A water moccasin skeleton (D:8)
  2 scorpions
  7 killer bees
  An electric eel (D:9)
  A quasit (D:8)
  6 hounds
  2 human zombies (Ossuary)
  3 orc priests
  3 jellies
  3 orc wizards
  2 iguanas
  3 worker ants
  A killer bee zombie (D:8)
  The ghost of cortexin the Sneak, a weakling OpAs (D:3)
  2 hound zombies
  4 mummies (Ossuary)
  10 adders
  3 gnolls (D:9)
  A shadow imp (D:7)
  2 oozes
  2 adder zombies (Ossuary)
  2 worms
  3 dart slugs
  6 leopard geckos
  20 orcs
  7 bats
  12 giant cockroaches
  4 goblins
  4 hobgoblins
  19 jackals
  6 kobolds
  A quokka (D:6)
  8 ball pythons
  11 frilled lizards
  A jackal zombie (Ossuary)
  3 kobold zombies (Ossuary)
  A leopard gecko zombie (D:8)
  An orc zombie (Ossuary)
  5 rats
  A rat zombie (Ossuary)
201 creatures vanquished.

Vanquished Creatures (others)
  An orc (D:7)
  A jackal (D:7)
2 creatures vanquished.

Grand Total: 203 creatures vanquished

Notes
Turn   | Place    | Note
-------+----------+-------------------------------------------
     0 | D:1      | Laan the Draconian Berserker began the quest for the Orb.
     0 | D:1      | Reached XP level 1. HP: 19/19 MP: 1/1
   261 | D:1      | Reached XP level 2. HP: 26/26 MP: 2/2
   536 | D:1      | Reached skill level 4 in Axes
   793 | D:2      | Reached XP level 3. HP: 26/31 MP: 3/3
   808 | D:2      | Found a snail-covered altar of Cheibriados.
  1010 | D:2      | Reached ** piety under Trog
  1388 | D:2      | Reached XP level 4. HP: 38/38 MP: 4/4
  1550 | D:3      | Reached skill level 5 in Axes
  1842 | D:3      | Noticed cortexin's ghost (weakling OpAs)
  1848 | D:3      | Killed cortexin's ghost
  2279 | D:4      | Reached XP level 5. HP: 45/45 MP: 5/5
  2282 | D:4      | Reached skill level 6 in Axes
  2436 | D:4      | Got a pair of faintly glowing gloves
  2437 | D:4      | Identified the +1 pair of gloves of the Shoals {+Fly rElec} (You found it on level 4 of the Dungeon)
  2511 | D:4      | Found a bloodstained altar of Trog.
  2519 | D:4      | Found a stormy altar of Qazlal.
  2519 | D:4      | Found a blossoming altar of Fedhas.
  2731 | D:4      | Reached *** piety under Trog
  2825 | D:4      | Noticed Sigmund
  2831 | D:4      | Killed Sigmund
  2831 | D:4      | Reached skill level 7 in Axes
  2831 | D:4      | Reached XP level 6. HP: 51/51 MP: 4/6
  2943 | D:5      | Entered Level 5 of the Dungeon
  3467 | D:5      | Reached skill level 8 in Axes
  3477 | D:5      | Your scales start taking on a rich purple colour.
  3477 | D:5      | Reached XP level 7. HP: 22/57 MP: 7/7
  3500 | D:5      | Found a glowing drain.
  3507 | Sewer    | Entered a sewer
  3806 | Sewer    | Identified the Grimoire of the Aerial Traveller
  4323 | D:5      | Found a glowing silver altar of Zin.
  4437 | D:5      | Found a shadowy altar of Dithmenos.
  4437 | D:5      | Found a glowing silver altar of Zin.
  4781 | D:6      | Found a white marble altar of Elyvilon.
  4781 | D:6      | Found a deep blue altar of Sif Muna.
  4784 | D:6      | Found a stormy altar of Qazlal.
  4785 | D:6      | Found an iron altar of Okawaru.
  4785 | D:6      | Found a shimmering altar of Xom.
  4786 | D:6      | Found an ornate altar of the Ieoh Jian Council.
  4786 | D:6      | Found a bloodstained altar of Trog.
  4786 | D:6      | Found a deep blue altar of Sif Muna.
  4787 | D:6      | Found a radiant altar of Vehumet.
  4788 | D:6      | Found a bloodstained altar of Trog.
  4788 | D:6      | Found a blossoming altar of Fedhas.
  4788 | D:6      | Found a shimmering altar of Xom.
  4789 | D:6      | Found a bloodstained altar of Trog.
  4789 | D:6      | Found a shattered altar of Ashenzari.
  4790 | D:6      | Found a hide-covered altar of Uskayaw.
  4790 | D:6      | Found a white marble altar of Elyvilon.
  4802 | D:6      | Reached skill level 9 in Axes
  4826 | D:6      | Found a staircase to the Ecumenical Temple.
  4841 | D:6      | Found a shimmering altar of Xom.
  4912 | D:6      | Found Rinya's Antique Armour Boutique.
  4939 | D:6      | Bought a pair of embroidered boots for 202 gold pieces
  5010 | D:6      | Found a sand-covered staircase.
  5021 | Ossuary  | Entered an ossuary
  5031 | Ossuary  | Reached **** piety under Trog
  5037 | Ossuary  | Reached XP level 8. HP: 63/63 MP: 8/8
  5472 | D:6      | Reached skill level 10 in Axes
  5601 | D:7      | Noticed Pikel
  5628 | D:7      | Killed Pikel
  5628 | D:7      | Reached skill level 11 in Axes
  6574 | D:8      | Noticed a hippogriff
  6584 | D:8      | Killed a hippogriff
  6584 | D:8      | Reached skill level 12 in Axes
  6584 | D:8      | Reached XP level 9. HP: 70/70 MP: 9/9
  6979 | D:8      | Noticed a two-headed ogre
  6987 | D:8      | Killed a two-headed ogre
  6987 | D:8      | Reached skill level 13 in Axes
  7513 | D:9      | Reached ***** piety under Trog
  7520 | D:9      | Reached skill level 14 in Axes
  7587 | D:9      | Reached XP level 10. HP: 77/77 MP: 10/10
  7666 | D:9      | Found a staircase to the Lair.
  7700 | D:9      | HP: 5/115 [electric eel/bolt of electricity (6)]
  7700 | D:9      | Mangled by a troll

Vault maps used:
D:1:      matt_arrival_spirals
D:2:      overflow_temple_1_default
D:3:      first_bread
D:4:      minitemple, uniq_sigmund
D:5:      nicolae_overflow_hidden_temple, basic_altar,
          lightli_sewer_entry_pipes, serial_bayou_lake_a
D:6:      overflow_temple_1_default, temple_doors_cd, serial_shops, shop,
          nicolae_ossuary_entry_monument
D:7:      uniq_pikel
D:9:      grunt_temple_overflow_diamond, erik_lair_island, zombieorc2_lemuel,
          basic_altar, blue_anna_alchemist
Sewer:    sewer_frog_island_01
Ossuary:  ossuary_minmay_tomb_2a

Skill      XL: |  1  2  3  4  5  6  7  8  9 |
---------------+----------------------------+-----
Axes           | 4 5 7 8 9 12 14 | 14.4
Fighting       | |  3.2
Dodging        | |  2.6

Action                   |  1- 3 |  4- 6 |  7- 9 | 10-12 || total
-------------------------+-------+-------+-------+-------++-------
Melee: Hand axe          |   107 |       |       |       ||   107
       Tailslap          |    11 |    17 |    55 |     3 ||    86
       War axe           |     6 |   120 |   333 |    39 ||   498
Invok: Berserk           |       |     4 |     5 |     1 ||    10
 Abil: Evoke Flight      |       |       |     1 |       ||     1
  Use: Scroll            |     3 |     1 |       |       ||     4
 Stab: Sleeping          |       |     1 |     6 |       ||     7
  Eat: Chunk             |     2 |    10 |    18 |       ||    30
Armor: Skin              |    28 |    44 |   112 |    20 ||   204
Dodge: Dodged            |    78 |    91 |   131 |    26 ||   326
Block: Shield            |       |       |   104 |    35 ||   139
